Map: [ESL] Site Delta

Players

Lemon - Winner!

  • Race: Protoss Protoss
  • Spawn Location: 11:00

Cyan

  • Race: Protoss Protoss
  • Spawn Location: 5:00

Event: ESL SC2 Masters 2024 Spring (Regional)

VOD

Have the link to the VOD?

Description

Time

  • Played on: April 25, 2024, 6:48 a.m.
  • Length: 5:50

All games in this series

Show
View Real Time Build Order
Export as new Build Order

Lemon Protoss - Winner!

Build Orders: Oracle Opening 

Get SALT Encoding   

  12  0:00  Probe  
  13  0:12  Probe  
  14  0:20  Pylon  
  14  0:24  Probe  
  15  0:38  Probe (Chrono Boost)  
  15  0:39  Gateway  
  16  0:47  Assimilator, Probe (Chrono Boost)  
  17  0:52  Probe  
  19  1:04  Probe  
  19  1:16  Probe  
  19  1:17  Assimilator  
  19  1:18  Pylon  
  20  1:26  Cybernetics Core  
  20  1:28  Probe (Chrono Boost)  
  21  1:33  Zealot  
  24  1:40  Probe (Chrono Boost)  
  24  1:45  Probe (Chrono Boost)  
  25  1:54  Probe  
  26  2:03  Stargate  
  26  2:05  Adept  
  27  2:22  Nexus  
  27  2:25  Warp Gate  
  27  2:29  Probe  
  28  2:36  Pylon  
  28  2:45  Oracle (Chrono Boost)  
  31  2:54  Stalker  
  31  2:55  Probe  
  34  3:05  Shield Battery  
  34  3:08  Probe  
  35  3:17  Oracle (Chrono Boost)  
  36  3:20  Probe  
  36  3:26  Gateway  
  37  3:32  Probe  
  38  3:34  Probe  
  39  3:44  Probe  
  39  3:46  Probe  
  41  3:50  Twilight Council  
  41  3:56  Probe, Gateway  
  41  3:59  Shield Battery  
  41  4:01  Probe  
  43  4:08  Probe  
  44  4:13  Stalker, Probe  
  45  4:20  Probe  
  45  4:21  Stalker  
  48  4:29  Void Ray (Chrono Boost)  
  52  4:36  Stalker  
  53  4:51  Pylon  
  53  4:56  Shield Battery  
  53  4:59  Stalker  
  54  5:10  Probe x2  
  54  5:12  Stalker x2  
  50  5:35  Stalker x2  
  49  5:36  Probe x2  
Show
View Real Time Build Order
Export as new Build Order

Cyan Protoss 

Build Orders:  

Get SALT Encoding   

  12  0:00  Probe  
  13  0:12  Probe  
  14  0:17  Pylon  
  14  0:24  Probe (Chrono Boost)  
  15  0:36  Probe (Chrono Boost)  
  15  0:37  Gateway  
  16  0:45  Probe (Chrono Boost)  
  16  0:46  Assimilator  
  17  0:51  Probe  
  18  1:01  Assimilator  
  18  1:03  Probe (Chrono Boost)  
  19  1:06  Pylon  
  19  1:13  Probe (Chrono Boost)  
  20  1:18  Probe (Chrono Boost)  
  20  1:25  Cybernetics Core  
  21  1:29  Probe  
  24  1:32  Zealot  
  24  1:37  Pylon  
  24  1:41  Probe  
  25  1:53  Probe  
  26  2:04  Warp Gate (Chrono Boost), Stalker (Chrono Boost)  
  28  2:18  Nexus  
  28  2:31  Stalker (Chrono Boost)  
  28  2:36  Pylon  
  30  2:41  Gateway  
  28  2:59  Stalker  
  28  3:00  Shield Battery  
  30  3:06  Gateway  
  30  3:15  Gateway  
  30  3:23  Probe  
  31  3:30  Probe  
  32  3:35  Probe  
  33  3:43  Probe  
  33  3:47  Probe  
  35  3:52  Stalker x2  
  39  3:58  Probe  
  40  4:11  Stalker x2  
  43  4:18  Stalker  
  43  4:21  Probe  
  40  4:30  Stalker  
  38  4:41  Stalker  
  40  4:48  Stalker  
  42  4:54  Stalker  
  42  5:08  Stalker  
  42  5:12  Stalker  
  34  5:29  Stalker x2  
Tags
 
Add a new tag
Caveats
  • Supply blocks, unpowered buildings, or Contaminate may cause inaccurate times.
  • Supply counts are checked every 10 seconds.